 Dungeon Crawl Stone Soup version 0.27-a0-333-gfa571bf19a (webtiles) character file.

Game seed: 14203181514287515504

2304 pistachioham the Conjurer (level 9, -9/45 HPs)
             Began as a Deep Elf Hedge Wizard on Jan 21, 2021.
             Was an Initiate of Sif Muna.
             Killed by divine providence
             ... invoked by an orc priest
              (17 damage)
             ... on level 7 of the Dungeon on Feb 12, 2021.
             The game lasted 01:13:12 (10379 turns).

pistachioham the Conjurer (Deep Elf Hedge Wizard)  Turns: 10379, Time: 01:13:13

Health: -9/45      AC:  9    Str: 13    XL:     9   Next: 18%
Magic:  15/20      EV: 12    Int: 23    God:    Sif Muna [......]
Gold:   101        SH:  0    Dex: 14    Spells: 7/20 levels left

rFire    . . .     SeeInvis .   b - staff of conjuration
rCold    + . .     Faith    .   (no shield)
rNeg     . . .     Spirit   .   y - +3 leather armour
rPois    .         Reflect  .   E - +0 helmet
rElec    +         Harm     .   x - scarf {repulsion}
rCorr    .         Rampage  .   r - +0 pair of gloves of the Ditch-Digger {rElec rC+}
Will     .....                  s - +0 pair of boots
Stlth    ++........             (no amulet)
HPRegen  0.15/turn              u - +6 ring of strength
MPRegen  0.17/turn              C - ring of wizardry

@: repel missiles
A: no striking features
a: Renounce Religion


You were on level 7 of the Dungeon.
You worshipped Sif Muna.
Sif Muna was noncommittal.
You visited 2 branches of the dungeon, and saw 9 of its levels.

You collected 291 gold pieces.
You spent 190 gold pieces at shops.

Inventory:

Hand Weapons
 a - a +4 dagger
 h - a +0 shortbow
Missiles
 k - 38 arrows
Armour
 c - +0 acid dragon scales
 f - the +2 chain mail "Sewot" {Str+4 SInv, unknown}
   (You found it on level 6 of the Dungeon)

   It affects your strength (+4).
   It lets you see invisible.
 o - a +0 robe
 r - the +0 pair of gloves of the Ditch-Digger (worn) {rElec rC+}
   (You found it on level 7 of the Dungeon)

   It protects you from cold.
   It insulates you from electricity.
 s - a +0 pair of boots (worn)
 x - a scarf of repulsion (worn)
 y - a +3 leather armour (worn)
 E - a +0 helmet (worn)
Magical Staves
 b - a staff of conjuration (weapon)
Jewellery
 u - a +6 ring of strength (left hand)
 C - a ring of wizardry (right hand)
Scrolls
 d - 6 scrolls of identify
 g - 3 scrolls of immolation {unknown}
 j - a scroll of fog {unknown}
 l - a scroll of teleportation {unknown}
 m - 2 scrolls of blinking {unknown}
 p - a scroll of enchant armour {unknown}
 q - 4 scrolls of magic mapping
 t - a scroll of fear {unknown}
 v - a scroll of amnesia {unknown}
 D - a scroll of enchant weapon {unknown}
Potions
 e - a potion of curing
 i - 3 potions of lignification
 n - a potion of might {unknown}
 w - 2 potions of mutation {unknown}
Miscellaneous
 B - a phantom mirror (inert)


   Skills:
 * Level 1.5 Bows
 - Level 2.4 Dodging
 - Level 2.4 Stealth
 - Level 6.2 Spellcasting
 * Level 7.9 Conjurations
 + Level 3.6 Hexes
 - Level 1.1 Summonings
 - Level 1.1 Translocations
 + Level 6.6 Fire Magic
 + Level 3.8 Air Magic
 + Level 4.8 Evocations


You had 7 spell levels left.
You knew the following spells:

 Your Spells              Type           Power        Failure   Level
a - Magic Dart            Conj           100%         1%          1
b - Slow                  Hex            23%          1%          2
c - Blink                 Tloc           N/A          4%          2
d - Conjure Flame         Conj/Fire      57%          1%          3
e - Mephitic Cloud        Conj/Pois/Air  37%          2%          3
f - Call Imp              Summ           12%          4%          2

Your spell library contained the following spells:

 Spells                   Type           Power        Failure   Level


Dungeon Overview and Level Annotations

Branches:
Dungeon (8/15)             Temple (1/1) D:7
   Lair: D:8-11

Altars:
Ashenzari
Cheibriados
Dithmenos
Elyvilon
Fedhas
Gozag
Hepliaklqana
Kikubaaqudgha
Makhleb
Nemelex Xobeh
Okawaru
Qazlal
Ru
Sif Muna
Trog
Uskayaw
Vehumet
Wu Jian
Xom
Yredelemnul
Zin
The Shining One

Shops:
D:6 *(*   D:7 [   D:8 *


Message History

Aim: an orc priest, wielding a +0 falchion and wearing a +0 leather armour (0% to evade)
You feel a surge of power!
The magic dart hits the orc priest but does no damage.
The orc priest barely misses you.
Casting: Magic Dart (safe; 1% risk of failure)
Confirm with . or Enter, or press ? or * to list all spells.
Aiming: Magic Dart (safe; 1% risk of failure)
Press: ? - help, Shift-Dir - straight line, f/p - orc priest
Aim: an orc priest, wielding a +0 falchion and wearing a +0 leather armour (0% to evade)
You feel a surge of power!
The magic dart hits the orc priest.
The orc priest is moderately wounded.
The orc priest closely misses you.
Casting: Magic Dart (safe; 1% risk of failure)
Confirm with . or Enter, or press ? or * to list all spells.
Aiming: Magic Dart (safe; 1% risk of failure)
Press: ? - help, Shift-Dir - straight line, f/p - orc priest
Aim: an orc priest, wielding a +0 falchion and wearing a +0 leather armour (moderately wounded, 0% to evade)
You feel a surge of power!
The magic dart hits the orc priest.
The orc priest is severely wounded.
The orc priest closely misses you.
Casting: Magic Dart (safe; 1% risk of failure)
Confirm with . or Enter, or press ? or * to list all spells.
Aiming: Magic Dart (safe; 1% risk of failure)
Press: ? - help, Shift-Dir - straight line, f/p - orc priest
Aim: an orc priest, wielding a +0 falchion and wearing a +0 leather armour (severely wounded, 0% to evade)
You feel a surge of power!
The magic dart hits the orc priest.
The orc priest is almost dead.
The orc priest invokes the aid of Beogh against you.
Beogh smites you!
* * * LOW HITPOINT WARNING * * *
Casting: Magic Dart (safe; 1% risk of failure)
Confirm with . or Enter, or press ? or * to list all spells.
Aiming: Magic Dart (safe; 1% risk of failure)
Press: ? - help, Shift-Dir - straight line, f/p - orc priest
Aim: an orc priest, wielding a +0 falchion and wearing a +0 leather armour (almost dead, 0% to evade)
You feel a surge of power!
The magic dart hits the orc priest.
The orc priest is almost dead.
The orc priest invokes the aid of Beogh against you.
Beogh smites you!
You die...

##### #####...#
#.......#
#.......#
#.......#
###.......########
...............†@#
........########o#
.....[.........#.#
##.#...#######.#.#
##.#...........#.#
.#.#..##########.#
.#....######## #.#
.####........# #.#
.## #........# #.#


You could see an orc priest.

Vanquished Creatures
  Maggie (D:7)
  A water moccasin (D:7)
  2 orc warriors (D:6)
  A sky beast (D:6)
  4 ice beasts
  An ogre (D:5)
  A centaur (D:7)
  4 bullfrogs
  A scorpion (D:7)
  2 howler monkeys (D:7)
  A centaur zombie (D:7)
  A quasit (D:6)
  4 hounds
  2 orc priests
  A centaur skeleton (D:4)
  3 orc wizards
  A worker ant (D:4)
  A hound zombie (D:7)
  A hound skeleton (D:4)
  A worker ant zombie (D:6)
  11 adders
  8 gnolls
  A shadow imp (D:7)
  A white imp (D:5)
  An ooze (D:1)
  2 adder skeletons
  2 worms (D:3)
  6 dart slugs
  4 leopard geckos
  23 orcs
  2 ball pythons (D:1)
  4 bats
  4 giant cockroaches
  7 goblins
  10 hobgoblins
  7 jackals
  6 kobolds
  5 quokkas
  4 frilled lizards
  A jackal skeleton (D:5)
  A leopard gecko skeleton (D:7)
  A quokka skeleton (D:7)
  9 rats
154 creatures vanquished.

Vanquished Creatures (collateral kills)
  An orc wizard (D:8)
  An adder (D:3)
2 creatures vanquished.

Grand Total: 156 creatures vanquished

Notes
Turn   | Place    | Note
-------+----------+-------------------------------------------
     0 | D:1      | pistachioham the Deep Elf Hedge Wizard began the quest for
                  | the Orb.
     0 | D:1      | Reached XP level 1. HP: 10/10 MP: 7/7
     2 | D:1      | Upgraded the game from 0.27-a0-101-g3cb999cee2 to
                  | 0.27-a0-103-g6cd7b45605
    14 | D:1      | Upgraded the game from 0.27-a0-103-g6cd7b45605 to
                  | 0.27-a0-291-gd9602db6ee
   238 | D:1      | Reached XP level 2. HP: 15/15 MP: 5/9
   245 | D:1      | Reached skill level 5 in Spellcasting
   317 | D:1      | Upgraded the game from 0.27-a0-291-gd9602db6ee to
                  | 0.27-a0-328-g7f782ed93a
   463 | D:1      | Upgraded the game from 0.27-a0-328-g7f782ed93a to
                  | 0.27-a0-333-gfa571bf19a
   601 | D:1      | Reached skill level 2 in Conjurations
   641 | D:1      | Learned a level 2 spell: Slow
   647 | D:1      | Reached XP level 3. HP: 19/19 MP: 9/11
  1187 | D:2      | You fall into a shaft and drop 1 floor!
  1260 | D:2      | Found a stormy altar of Qazlal.
  1293 | D:2      | Reached skill level 1 in Hexes
  1483 | D:2      | Reached XP level 4. HP: 13/24 MP: 9/14
  1793 | D:2      | Found a faded altar of an unknown god.
  2097 | D:2      | Found a shimmering altar of Xom.
  2100 | D:2      | Found an ancient bone altar of Kikubaaqudgha.
  2101 | D:2      | Found a glowing silver altar of Zin.
  2102 | D:2      | Found a stormy altar of Qazlal.
  2533 | D:3      | Learned a level 2 spell: Blink
  2537 | D:3      | Learned a level 3 spell: Conjure Flame
  2541 | D:3      | Learned a level 3 spell: Mephitic Cloud
  2544 | D:3      | Learned a level 2 spell: Call Imp
  2932 | D:3      | Reached skill level 3 in Conjurations
  2932 | D:3      | Reached skill level 1 in Fire Magic
  2969 | D:3      | Reached XP level 5. HP: 25/28 MP: 11/15
  3030 | D:3      | Found a basalt altar of Yredelemnul.
  3089 | D:3      | Found a white marble altar of Elyvilon.
  3606 | D:4      | Noticed an ice beast
  3612 | D:4      | Killed an ice beast
  3613 | D:4      | Reached skill level 4 in Conjurations
  3613 | D:4      | Reached skill level 1 in Evocations
  3613 | D:4      | Reached XP level 6. HP: 32/32 MP: 9/17
  4150 | D:4      | You fall into a shaft and drop 2 floors!
  4399 | D:5      | Entered Level 5 of the Dungeon
  4688 | D:4      | HP: 1/32 [orc priest/divine providence (12)]
  5743 | D:5      | Reached skill level 1 in Air Magic
  5743 | D:5      | Reached XP level 7. HP: 36/36 MP: 9/18
  5831 | D:6      | Found Vaatt's General Store.
  5840 | D:6      | Bought a scarf of repulsion for 120 gold pieces
  5840 | D:6      | Bought 2 scrolls of magic mapping for 70 gold pieces
  5882 | D:6      | Reached skill level 5 in Conjurations
  6725 | D:6      | Got an encrusted chain mail
  6757 | D:6      | Found Ycuschiz's Weapon Boutique.
  6822 | D:6      | Found Caedghow's Assorted Antiques.
  7047 | D:6      | Reached skill level 5 in Fire Magic
  7303 | D:6      | Reached skill level 6 in Conjurations
  7437 | D:7      | Reached XP level 8. HP: 33/41 MP: 13/19
  7492 | D:7      | Found Zanlien's Armour Shop.
  8280 | D:7      | Noticed Maggie
  8334 | D:7      | Killed Maggie
  8335 | D:7      | Reached skill level 7 in Conjurations
  8753 | D:7      | Reached XP level 9. HP: 31/45 MP: 4/20
  9220 | D:6      | Reached skill level 1 in Bows
  9503 | D:7      | Found a staircase to the Ecumenical Temple.
  9514 | Temple   | Entered the Ecumenical Temple
  9519 | Temple   | Became a worshipper of Sif Muna the Loreminder
  9691 | D:7      | Got a pair of smoking gloves
  9790 | D:7      | Identified the +0 pair of gloves of the Ditch-Digger {rElec
                  | rC+} (You found it on level 7 of the Dungeon)
  9867 | D:7      | Found a bloodstained altar of Trog.
  9972 | D:7      | Found a shimmering blue altar of Sif Muna.
 10283 | D:8      | Found Moqy's Assorted Antiques.
 10379 | D:7      | Killed from afar by an orc priest

Illustrated notes

Levels and vault maps discovered:
D:1:      dpeg_arrival_more_subterranean_lakeside_camping, layout_rooms
D:2:      layout_basic, minitemple, chequers_ecumenical_altar_grove,
          nicolae_qazlal_general_emergency
D:3:      layout_loops_cross, kennysheep_ying_yang
D:4:      layout_rooms, minmay_misc_feat_square, nicolae_zen_rock_garden
D:5:      layout_rooms
D:6:      layout_basic, serial_shops, nicolae_shop_waterfront, shop,
          nicolae_shop_trees, minmay_checkerbox
D:7:      layout_basic, nicolae_overflow_hidden_temple,
          minmay_temple_entry_wispy, serial_shops, kennysheep_mini,
          led_sif_pool, uniq_maggie
D:8:      kennysheep_big_flooded_room, layout_basic, serial_shops,
          nicolae_shop_waterfront, shop, nicolae_shop_window_shopping
Temple:   minmay_freezing_vapour_temple

Skill      XL: |  1  2  3  4  5  6  7  8  9 |
---------------+----------------------------+-----
Spellcasting   | 5 6 |  6.2
Conjurations   | 2 3 4 6 7 |  7.9
Hexes          | 1 3 |  3.6
Fire Magic     | 1 2 3 5 6 |  6.6
Evocations     | 1 2 3 4 |  4.8
Air Magic      | 1 2 3 |  3.8
Bows           | 1 |  1.5
Dodging        | |  2.4
Stealth        | |  2.4
Summonings     | |  1.1
Translocations | |  1.1

Action                   |  1- 3 |  4- 6 |  7- 9 || total
-------------------------+-------+-------+-------++-------
Melee: Dagger            |    11 |     7 |       ||    18
       Staff             |       |     7 |    37 ||    44
 Cast: Magic Dart        |    92 |   180 |   236 ||   508
       Slow              |       |     2 |       ||     2
       Call Imp          |       |     1 |     7 ||     8
       Conjure Flame     |       |     6 |    24 ||    30
       Mephitic Cloud    |       |       |    14 ||    14
       Blink             |       |       |     2 ||     2
Evoke: Wand              |       |     4 |    15 ||    19
       Phantom mirror    |       |       |     1 ||     1
  Use: Potion            |       |     2 |     8 ||    10
       Scroll            |       |       |     6 ||     6
 Stab: Sleeping          |     1 |     1 |       ||     2
Armor: Robe              |     4 |     7 |     3 ||    14
       Skin              |       |       |    22 ||    22
       Leather armour    |       |       |    28 ||    28
Dodge: Dodged            |    20 |    51 |    79 ||   150
       Repelled          |       |       |     2 ||     2

Table legend: (Time is in decaauts)
 A = Elapsed time spent in this place.
 B = Non-inter-level travel time spent in this place.
 C = Inter-level travel time spent in this place.
 D = Time resting spent in this place.
 E = Time spent auto-exploring this place.
 F = Levels seen in this place.
 G = Mean time per level.
                   A        B        C        D        E       F      G
               +--------+--------+--------+--------+--------+-----+--------+
         Total |  10400 |   9930 |    470 |   4210 |   2081 |   9 | 1155.6 |
       Dungeon |  10389 |   9919 |    470 |   4210 |   2081 |   8 | 1298.6 |
        Temple |     10 |     10 |      0 |      0 |      0 |   1 |   10.0 |
               +--------+--------+--------+--------+--------+-----+--------+

Top non-repeatable levels by time:
     D:7: 2289 daAuts
     D:6: 2245 daAuts
     D:3: 1547 daAuts
     D:2: 1206 daAuts
     D:4: 1130 daAuts
     D:1: 1088 daAuts
     D:5: 839 daAuts
     D:8: 43 daAuts
  Temple: 10 daAuts
